 Dungeon Crawl Stone Soup version 0.19.5 (webtiles) character file.

1081 JeffiDaFish the Archer (level 8, -4/41 HPs)
             Began as a Spriggan Hunter on Dec 13, 2017.
             Splashed by a jelly's acid (6 damage)
             ... while paralysed by Pikel
             ... on level 5 of the Dungeon on Dec 15, 2017.
             The game lasted 00:17:36 (6554 turns).

JeffiDaFish the Archer (Spriggan Hunter)            Turns: 6554, Time: 00:17:37

Health: -4/41      AC:  0    Str:  8    XL:     8   Next: 8%
Magic:  9/9        EV:  4    Int: 11    God:
Gold:   260        SH:  0    Dex: 16    Spells: 0 memorised, 7 levels left

rFire  . . .     SeeInvis +     i - +1 short sword (speed)
rCold  . . .     Gourm    .     c - +1 robe
rNeg   . . .     Faith    .     (shield restricted)
rPois  .         Spirit   .     (helmet restricted)
rElec  .         Reflect  .     (no cloak)
rCorr  .         Harm     .     (gloves unavailable)
MR     +....                    (boots unavailable)
Stlth  +++.......               (no amulet)
                                (no ring)
                                (no ring)

@: paralysed, corroded, very quick
A: unfitting armour, rugged brown scales 1, see invisible, clumsy 1, dopey 1,
herbivore 3, speed 3, slow metabolism 2, wild magic 2
a: no special abilities


You were on level 5 of the Dungeon.
You were not hungry.

You visited 1 branch of the dungeon, and saw 8 of its levels.
You also visited: Ossuary.

You collected 260 gold pieces.

Inventory:

Hand Weapons
 a - a +1 shortbow of chaos
 i - a +1 short sword of speed (weapon)
Missiles
 d - an arrow
Armour
 c - a +1 robe (worn)
Jewellery
 r - an uncursed ring of protection from cold {unknown}
Wands
 b - a wand of digging (10/24)
Scrolls
 e - 7 scrolls of identify
 g - 3 scrolls of enchant armour
 j - a scroll of fog
 l - a scroll of recharging
 n - a scroll of teleportation
 o - a scroll of amnesia
 q - a scroll of remove curse
Potions
 h - 3 potions of curing
 k - 3 potions of heal wounds
 m - a potion of might
 p - a potion of cancellation
Comestibles
 f - 3 bread rations


   Skills:
 + Level 3.4 Fighting
 + Level 3.1 Short Blades
 * Level 8.5 Bows
 + Level 6.4 Dodging
 + Level 6.2 Stealth


You had 7 spell levels left.
You didn't know any spells.

Dungeon Overview and Level Annotations

Branches:
Dungeon (8/15)
 Temple: D:4-7         Lair: D:8-11

Altars:
Dithmenos
Hepliaklqana
Trog
Uskayaw
Xom
Yredelemnul

Shops:
D:5 :   D:7 [

Annotations:
D:5 Pikel


Innate Abilities, Weirdness & Mutations

You are very small and have problems with some larger weapons.
You are too small for most types of armour.
You have supernaturally acute eyesight. (SInv)
You are a herbivore.
You cover ground extremely quickly.
You need consume almost no food.
You are partially covered in rugged brown scales. (AC +1, +3% HP)
You are clumsy. (Dex -2)
You are dopey. (Int -2)
Your spells are harder to cast, but more powerful.


Message History

You hit Pikel.
Pikel is moderately wounded.
Pikel hits you but does no damage. The jelly completely misses you.
You hit Pikel but do no damage.
Pikel is moderately wounded.
You closely miss Pikel.
Pikel is moderately wounded.
Pikel zaps a wand.
You suddenly lose the ability to move!
It is a wand of paralysis.
The jelly hits you but does no damage. Pikel barely misses you.
The jelly hits you. The acid corrodes you!
You are splashed with acid!
The acid burns!
Pikel says, "Slavery isn't that bad."
Pikel hits you with a whip of flaming!
* * * LOW HITPOINT WARNING * * *
Pikel burns you.
* * * LOW HITPOINT WARNING * * *
The jelly hits you.
* * * LOW HITPOINT WARNING * * *
You are splashed with acid!
The acid burns!
You die...

###.##### #. #.# #.##
###.# ..# ....# #.##
.#### #..##
..###########...#### .
...................+ ...
..###########..J####.....
...... #...@Kppp....
.##### #..#####p#... ..
#..# ### #..# # #.... .
##.##.# #.# # #.. ###


You could see Pikel, 4 slaves and a jelly.

Vanquished Creatures
  Sigmund (D:5)
  A hungry ghost (D:8)
  A phantom (D:5)
  A scorpion (D:8)
  2 howler monkeys
  A crimson imp (D:5)
  2 orc priests
  3 orc wizards
  3 hounds
  2 human zombies (Ossuary)
  A centaur skeleton (D:5)
  A worker ant (D:4)
  2 big kobold zombies (Ossuary)
  A hound skeleton (D:5)
  2 mummies (Ossuary)
  A gnoll (D:5)
  3 adders
  A shadow imp (D:5)
  2 oozes
  2 adder zombies (Ossuary)
  A worm (D:4)
  2 dart slugs
  A leopard gecko (D:6)
  13 orcs
  4 giant cockroaches
  8 goblins
  6 hobgoblins
  11 jackals
  3 quokkas
  2 ball pythons (D:1)
  6 bats
  3 frilled lizards
  2 goblin zombies (Ossuary)
  8 hobgoblin zombies (Ossuary)
  A jackal skeleton (D:4)
  A jackal zombie (Ossuary)
  7 kobolds
  16 kobold zombies (Ossuary)
  A leopard gecko zombie (D:5)
  4 orc zombies (Ossuary)
  7 rats
  A bush (D:1)
  A toadstool (D:1)
142 creatures vanquished.

Vanquished Creatures (others)
  A bullfrog (D:5)
  A jelly (D:5)
  A jackal (D:5)
  A quokka skeleton (D:5)
  A fungus (D:7)
  3 toadstools (D:1)
8 creatures vanquished.

Grand Total: 150 creatures vanquished

Notes
Turn   | Place    | Note
-------+----------+-------------------------------------------
     0 | D:1      | JeffiDaFish the Spriggan Hunter began the quest for the Orb.
     0 | D:1      | Reached XP level 1. HP: 10/10 MP: 2/2
    99 | D:1      | Reached skill level 5 in Bows
   157 | D:1      | Reached XP level 2. HP: 14/14 MP: 3/3
   761 | D:1      | You fall through a shaft!
   800 | D:2      | Reached XP level 3. HP: 10/18 MP: 4/4
  1873 | D:2      | Reached skill level 6 in Bows
  2340 | D:2      | Found a basalt altar of Yredelemnul.
  2444 | D:2      | Found a bloodstained altar of Trog.
  2624 | D:3      | Found a hazy altar of Hepliaklqana.
  2628 | D:3      | Reached XP level 4. HP: 23/23 MP: 5/5
  3218 | D:3      | Reached skill level 1 in Short Blades
  3524 | D:3      | Reached XP level 5. HP: 26/26 MP: 6/6
  3819 | D:4      | Found a sand-covered staircase.
  3829 | Ossuary  | Entered an ossuary
  4409 | Ossuary  | Reached XP level 6. HP: 23/31 MP: 7/7
  4482 | Ossuary  | Reached skill level 7 in Bows
  4683 | D:4      | Gained mutation: Your spells are a little harder to cast, but a little more powerful. [potion of mutation]
  4683 | D:4      | Gained mutation: You are clumsy. (Dex -2) [potion of mutation]
  4683 | D:4      | Gained mutation: You are dopey. (Int -2) [potion of mutation]
  4700 | D:4      | Found a hide-covered altar of Uskayaw.
  4772 | D:4      | Gained mutation: Your spells are harder to cast, but more powerful. [potion of mutation]
  4772 | D:4      | Gained mutation: You are partially covered in rugged brown scales. (AC +1, +3% HP) [potion of mutation]
  4837 | D:4      | Reached skill level 5 in Dodging
  5001 | D:4      | Found a shadowy altar of Dithmenos.
  5248 | D:5      | Entered Level 5 of the Dungeon
  5313 | D:5      | Reached XP level 7. HP: 36/36 MP: 8/8
  5327 | D:5      | Noticed Sigmund
  5344 | D:5      | Found a shimmering altar of Xom.
  5384 | D:5      | Killed Sigmund
  5384 | D:5      | Reached skill level 5 in Stealth
  5619 | D:5      | Found Ineyppor's Book Shop.
  5707 | D:5      | You fall through a shaft for 3 floors!
  5736 | D:8      | Noticed a hungry ghost
  5796 | D:8      | Killed a hungry ghost
  5796 | D:8      | Reached skill level 8 in Bows
  5972 | D:7      | Noticed a hippogriff
  5995 | D:7      | Found Loodibae's Antique Armour Shop.
  6349 | D:5      | Reached XP level 8. HP: 22/41 MP: 9/9
  6524 | D:5      | Noticed Pikel
  6552 | D:5      | Paralysed by Pikel for 7 turns
  6554 | D:5      | HP: 2/41 [jelly (1)]
  6554 | D:5      | Splashed by a jelly's acid

Skill      XL: |  1  2  3  4  5  6  7 |
---------------+----------------------+-----
Bows           | 5 6 7 8 |  8.5
Stealth        | 2 3 4 6 |  6.2
Dodging        | 4 5 6 |  6.4
Short Blades   | 1 3 |  3.1
Fighting       | 2 3 |  3.4

Action                   |  1- 3 |  4- 6 |  7- 9 || total
-------------------------+-------+-------+-------++-------
Melee: Short sword       |   496 |   125 |   226 ||   847
 Fire: Shortbow          |    92 |   252 |    52 ||   396
  Use: Potion            |     7 |     4 |       ||    11
       Scroll            |     7 |     4 |     2 ||    13
  Eat: Bread ration      |       |     1 |     1 ||     2
Armor: Robe              |    13 |    14 |    12 ||    39
Dodge: Dodged            |    86 |   140 |   151 ||   377
